Map: Frozen Temple

Players

iaguz - Winner!

  • Race: Terran Terran

Scarlett

  • Race: Zerg Zerg

Event: WCS Copa Intercontinental

VOD

Have the link to the VOD?

Description

Time

  • Played on: Sept. 10, 2016, 2:19 p.m.
  • Length: 10:56

All games in this series

Show
View Real Time Build Order
Export as new Build Order

iaguz Terran - Winner!

Build Orders: MMM Bio 

Get SALT Encoding   

  12  0:00  SCV  
  13  0:13  SCV  
  14  0:18  Supply Depot  
  14  0:25  SCV  
  15  0:40  SCV, Barracks  
  16  0:45  Refinery  
  16  0:52  SCV  
  17  1:00  Barracks  
  17  1:04  SCV  
  18  1:16  SCV  
  19  1:29  Orbital Command  
  19  1:30  Reaper  
  20  1:41  Supply Depot  
  20  1:48  Reaper  
  21  1:54  SCV  
  21  1:55  Refinery  
  22  2:07  Reaper  
  22  2:08  SCV  
  24  2:17  Command Center  
  24  2:20  SCV  
  25  2:24  Reaper  
  26  2:32  SCV  
  27  2:39  Reaper  
  28  2:44  SCV  
  28  2:48  Supply Depot  
  29  2:53  Factory  
  29  2:56  SCV  
  30  3:00  Reaper  
  31  3:10  SCV  
  33  3:22  SCV  
  34  3:30  Orbital Command  
  34  3:34  SCV  
  34  3:37  Barracks Tech Lab, Barracks Reactor  
  34  3:38  Factory Tech Lab  
  34  3:39  Starport  
  34  3:40  Refinery  
  33  3:46  SCV  
  34  3:56  Marine  
  34  3:57  SCV  
  34  3:58  SCV  
  37  4:05  Siege Tank  
  37  4:09  SCV  
  41  4:10  SCV  
  40  4:18  Marine x3  
  40  4:19  Medivac  
  40  4:22  SCV x2, Supply Depot  
  47  4:24  Supply Depot  
  47  4:26  Stimpack  
  47  4:34  SCV x2  
  47  4:35  Marine  
  47  4:36  Marine x2  
  52  4:43  Siege Tank  
  55  4:46  SCV x2, Supply Depot  
  57  4:53  Medivac  
  57  4:56  Marine  
  57  4:57  Marine x2  
  57  4:58  SCV  
  63  5:00  Supply Depot  
  63  5:07  SCV  
  63  5:10  SCV  
  65  5:16  Command Center  
  65  5:18  Marine x3  
  65  5:19  SCV  
  69  5:22  SCV  
  70  5:31  SCV  
  70  5:34  SCV  
  72  5:36  Marine x2  
  72  5:41  Marine  
  78  5:43  SCV, Viking  
  78  5:46  SCV  
  78  5:48  Engineering Bay  
  78  5:49  Engineering Bay, Refinery  
  79  5:54  Barracks  
  79  5:57  SCV  
  79  6:01  Barracks  
  79  6:03  Barracks, SCV  
  81  6:08  Marine x2  
  81  6:09  SCV  
  84  6:15  SCV, Starport Reactor  
  85  6:20  Terran Infantry Weapons Level 1, Terran Infantry Armor Level 1  
  85  6:21  SCV  
  86  6:26  Combat Shields  
  86  6:28  SCV  
  86  6:30  Marine x2  
  86  6:31  Siege Tank, Marine  
  93  6:33  SCV  
  94  6:41  SCV  
  95  6:48  Marine x3  
  95  6:49  Barracks Reactor  
  95  6:50  Barracks Reactor, Orbital Command  
  97  6:56  SCV  
  97  7:01  Barracks Reactor  
  97  7:03  SCV  
  97  7:04  Barracks  
  97  7:05  Barracks  
  97  7:06  Barracks, Marine  
  97  7:08  SCV  
  100  7:15  Marine  
  101  7:20  Supply Depot x2  
  101  7:21  Armory, SCV  
  103  7:28  Marine x5  
  108  7:34  Refinery  
  107  7:37  Medivac  
  107  7:41  Medivac, Siege Tank  
  107  7:42  Supply Depot  
  107  7:44  Supply Depot x2, Marine  
  114  7:45  Marine  
  114  7:48  Marine x2  
  114  7:49  Marine  
  114  7:50  Marine  
  120  7:57  Marine x2, Marauder  
  125  7:59  Barracks Tech Lab x2, Barracks Reactor  
  125  8:05  Supply Depot  
  124  8:06  Marine  
  125  8:17  Marine  
  125  8:18  Marauder x2  
  130  8:22  SCV, Terran Infantry Armor Level 2, Terran Infantry Weapons Level 2  
  130  8:24  Marine x4  
  137  8:32  Marine x3  
  137  8:33  Medivac x2, Siege Tank  
  145  8:47  Marine, Marauder  
  148  8:51  Marine x2  
  148  8:52  Marauder  
  152  8:55  Marine x3  
  152  8:56  Marauder  
  152  8:59  Marine  
  152  9:00  Supply Depot x2, Marine  
  152  9:01  Supply Depot  
  154  9:04  Marine  
  154  9:09  Marine x3, Marauder  
  141  9:13  Marine, Marauder  
  127  9:18  Marine  
  127  9:19  Marine x3  
  127  9:20  Siege Tank  
  134  9:24  Marine  
  134  9:25  Marauder  
  134  9:29  Marine  
  134  9:30  Marauder  
  128  9:32  Marine x2  
  128  9:34  Medivac  
  128  9:35  Marauder  
  127  9:44  Marine  
  127  9:45  Medivac, Marine  
  124  9:46  Marine x2, Marauder  
  124  9:52  Marine x3, Marauder  
  134  9:56  Siege Tank  
  138  10:04  Marine x5, Marauder  
  138  10:05  Marine x2  
  147  10:07  Marine  
  147  10:10  Marine  
  149  10:14  Marine x2  
  149  10:15  Marauder  
  153  10:22  Marine x5  
  153  10:25  Marauder  
  153  10:26  Marine, Marauder  
  163  10:34  Marine x2  
  165  10:35  Marine  
Show
View Real Time Build Order
Export as new Build Order

Scarlett Zerg 

Build Orders: Hatch First 

Get SALT Encoding   

  12  0:00  Drone  
  13  0:12  Overlord  
  13  0:17  Drone  
  14  0:31  Drone x2  
  14  0:35  Drone  
  17  0:51  Hatchery  
  17  0:54  Drone  
  17  0:57  Drone  
  18  1:10  Spawning Pool  
  17  1:12  Extractor  
  17  1:15  Drone  
  17  1:18  Drone  
  18  1:28  Drone  
  19  1:39  Overlord  
  19  1:54  Drone  
  19  1:57  Queen  
  19  2:00  Zergling x2  
  23  2:03  Queen, Zergling x2  
  26  2:12  Zergling x2, Metabolic Boost  
  27  2:21  Roach Warren  
  27  2:22  Zergling x2  
  27  2:31  Drone x2  
  27  2:33  Drone  
  30  2:40  Queen  
  32  2:47  Overlord  
  32  2:52  Drone  
  33  3:03  Roach  
  35  3:09  Roach x3  
  35  3:11  Drone x2  
  43  3:21  Overlord  
  42  3:32  Drone, Overlord  
  43  3:42  Drone  
  43  3:43  Drone x3  
  43  3:44  Drone  
  48  3:50  Drone  
  48  3:51  Drone x5  
  54  3:57  Drone  
  54  4:02  Drone  
  56  4:06  Drone  
  56  4:07  Extractor  
  56  4:16  Drone  
  56  4:18  Drone  
  56  4:20  Hatchery  
  56  4:21  Drone x2  
  56  4:22  Extractor  
  56  4:23  Drone x2  
  59  4:32  Evolution Chamber  
  59  4:34  Evolution Chamber  
  59  4:37  Drone x3  
  59  4:38  Extractor  
  59  4:45  Drone, Overlord x2  
  59  4:51  Overlord  
  60  4:57  Zerg Ground Armor Level 1  
  60  5:00  Zerg Missile Weapons Level 1  
  60  5:03  Queen  
  60  5:05  Drone  
  60  5:06  Drone x3  
  66  5:09  Roach  
  66  5:13  Roach  
  70  5:17  Lair  
  70  5:28  Ravager x2  
  72  5:29  Ravager  
  72  5:30  Drone  
  72  5:31  Drone x6  
  79  5:38  Drone x4  
  79  5:41  Queen  
  85  5:46  Drone  
  85  5:47  Drone  
  89  5:59  Overlord x3  
  89  6:07  Overlord  
  89  6:18  Glial Reconstitution  
  89  6:19  Roach x6  
  89  6:25  Overlord x2  
  103  6:29  Roach  
  103  6:30  Roach  
  103  6:31  Roach x2  
  111  6:37  Queen x2  
  111  6:41  Overlord x2  
  111  6:54  Infestation Pit  
  111  6:59  Hatchery  
  109  7:02  Roach x6  
  121  7:08  Zerg Ground Armor Level 2  
  121  7:12  Zerg Missile Weapons Level 2  
  120  7:20  Drone  
  120  7:21  Drone x3  
  124  7:23  Spore Crawler  
  124  7:27  Zergling x2  
  124  7:31  Overlord  
  124  7:33  Hive  
  124  7:39  Spire  
  124  7:42  Overlord x2  
  123  7:59  Overlord x2  
  123  8:03  Infestor  
  123  8:04  Infestor x2  
  129  8:07  Extractor x2  
  127  8:13  Drone x3  
  127  8:14  Drone x2  
  127  8:15  Drone  
  127  8:19  Roach  
  134  8:26  Drone x4  
  138  8:27  Hatchery  
  138  8:32  Roach x3  
  143  8:37  Roach x3  
  143  8:40  Ravager x3  
  152  8:50  Roach  
  152  8:51  Roach x4  
  162  9:00  Roach  
  162  9:01  Roach  
  159  9:08  Roach x3  
  131  9:14  Roach x7  
  131  9:15  Roach x2  
  119  9:18  Roach  
  119  9:21  Queen  
  111  9:25  Roach  
  111  9:26  Roach  
  111  9:29  Roach  
  111  9:30  Roach  
  111  9:37  Roach  
  105  9:40  Roach  
  105  9:43  Queen x2  
  107  9:47  Extractor  
  106  9:55  Drone x4  
  106  9:59  Queen  
  112  10:02  Roach x7  
  126  10:11  Corruptor  
  128  10:15  Corruptor, Hatchery  
  128  10:19  Ravager, Queen  
  132  10:22  Ravager  
  132  10:25  Roach x2  
  135  10:31  Ravager  
Tags
 
Add a new tag
Caveats
  • Supply blocks, unpowered buildings, or Contaminate may cause inaccurate times.
  • Supply counts are checked every 10 seconds.